 Dungeon Crawl Stone Soup version 0.29-a0-791-ga0f254aafb (webtiles) character file.

Game seed: 8830892808235580550

49 Malachi the Sneak (level 3, 0/27 HPs)
             Began as a Demonspawn Brigand on July 3, 2022.
             Slain by an adder (2 damage)
             ... on level 2 of the Dungeon.
             The game lasted 00:01:41 (794 turns).

Malachi the Sneak (Demonspawn Brigand)               Turns: 794, Time: 00:01:41

Health: 0/27       AC:  3    Str: 11    XL:     3   Next: 51%
Magic:  3/3        EV: 11    Int: 12    God:
Gold:   24         SH:  0    Dex: 16    Spells: 2/2 levels left

rFire   . . .      SeeInvis .   m - +0 dagger (drain)
rCold   . . .      Faith    .   (no shield)
rNeg    . . .      Spirit   .   b - +0 robe
rPois   .          Reflect  .   (helmet restricted)
rElec   .          Harm     .   c - +0 cloak
rCorr   .          Rampage  .   (no gloves)
Will    .....                   (no boots)
Stlth   +++.......              g - amulet of the acrobat
HPRegen 0.09/turn               (no ring)
MPRegen 0.08/turn               (no ring)

@: attractive
A: horns 1
a: no special abilities


You were on level 2 of the Dungeon.
You visited 1 branch of the dungeon, and saw 2 of its levels.

You collected 24 gold pieces.

Inventory:

Hand Weapons
 a - a +2 dagger
 m - a +0 dagger of draining (weapon)
Missiles
 d - 9 poisoned darts (quivered)
 e - 3 curare-tipped darts
Armour
 b - a +0 robe (worn)
 c - a +0 cloak (worn)
Jewellery
 g - an amulet of the acrobat (around neck)
Scrolls
 f - 2 scrolls of enchant armour {unknown}
 h - 2 scrolls of identify {unknown}
 k - 2 scrolls of vulnerability {unknown}
 l - a scroll of poison {unknown}
Potions
 j - a potion of heal wounds {unknown}


   Skills:
 - Level 2.0 Fighting
 * Level 3.4 Short Blades
 - Level 1.7 Throwing
 - Level 0.8 Dodging
 - Level 3.8 Stealth


You had 2 spell levels left.
You didn't know any spells.
Your spell library was empty.

Dungeon Overview and Level Annotations

Branches:
Dungeon (2/15)

Altars:


Innate Abilities, Weirdness & Mutations

You have a pair of small horns on your head.


Message History

The adder poisons you!
You miss the adder.
You feel sick. The adder bites you.
You barely miss the adder. Your headbutt misses the adder.
You feel sick. The adder bites you. x2
You barely miss the adder. Your headbutt misses the adder.
You feel sick. The adder barely misses you.
You hit the adder. You drain the adder.
The adder is heavily wounded.
You feel sick. The adder bites you but does no damage.
You miss the adder.
The adder is heavily wounded.
You feel sick. The adder bites you.
The ball python hisses angrily.
You hit the adder. You drain the adder.
The adder is severely wounded.
You feel sick.
You are no longer poisoned.
The adder bites you.
* * * LOW HITPOINT WARNING * * *
You are poisoned.
The adder poisons you!
You closely miss the adder. Your headbutt misses the adder.
The adder is severely wounded.
You feel sick. The adder bites you but does no damage.
You hit the adder but do no damage.
The adder is severely wounded.
You feel sick. The adder bites you but does no damage.
You miss the adder.
The adder is severely wounded.
You feel sick. The adder bites you.
* * * LOW HITPOINT WARNING * * *
You miss the adder.
The adder is severely wounded.
You feel sick.
You are no longer poisoned.
The adder bites you but does no damage.
It was a potion of attraction.
You feel attractive to monsters. The adder bites you.
You die...

## #.####### # #.......#
.. # #######.# #.## ### #
#.# #/. .... .## #.# #..
...# ..## ### #.#
#.##.#.## ...## ##.###.#
#.#......
....####...##.#####.#...#
....'...........@SrS...#
....####...##.#####.#..#
...## ##.....# #....#
..## #.##### ###..# .##
#.# #...# ## #.# #?...?
##### #.# #..##g.# ....#
#.# #... ### ###.# #.#..


You could see an adder (very drained), a ball python and a rat.

Vanquished Creatures
  3 adders (D:2)
  2 dart slugs (D:2)
  2 bats (D:2)
  3 endoplasms (D:1)
  2 giant cockroaches
  A goblin (D:1)
  A hobgoblin (D:2)
  2 frilled lizards
  2 kobolds
  A rat (D:2)
19 creatures vanquished.

Notes
Turn   | Place    | Note
-------+----------+-------------------------------------------
     0 | D:1      | Malachi the Demonspawn Brigand began the quest for the Orb.
     0 | D:1      | Reached XP level 1. HP: 16/16 MP: 1/1
   255 | D:1      | Gained mutation: You have a pair of small horns on your
                  | head. [demonic ancestry]
   255 | D:1      | Reached XP level 2. HP: 18/22 MP: 2/2
   258 | D:1      | You fall into a shaft and drop 1 floor!
   456 | D:2      | Identified the +1 scale mail "Orymiw" {rPois}
   500 | D:2      | Reached XP level 3. HP: 26/27 MP: 3/3
   794 | D:2      | Slain by an adder

Illustrated notes

Levels and vault maps discovered:
D:1:      amcnicky_arrival_flooded_fountain, layout_basic,
          shapermc_ecumenical_altar_pompeii
D:2:      layout_loops_corners, minmay_close_crescents

Skill      XL: |  1  2 |
---------------+-------+-----
Short Blades   | 2 3 |  3.4
Fighting       | |  2.0
Throwing       | |  1.7
Dodging        | |  0.8
Stealth        | |  3.8

Action                   || total
-------------------------++-------
Melee: Dagger            ||    62
       Headbutt          ||     4
  Use: Potion            ||     1
 Stab: Sleeping          ||     7
Armor: Robe              ||    15
Dodge: Dodged            ||    29

Table legend: (Time is in decaauts)
 A = Elapsed time spent in this place.
 B = Non-inter-level travel time spent in this place.
 C = Inter-level travel time spent in this place.
 D = Time resting spent in this place.
 E = Time spent auto-exploring this place.
 F = Levels seen in this place.
 G = Mean time per level.
                   A        B        C        D        E       F      G
               +--------+--------+--------+--------+--------+-----+--------+
         Total |    785 |    770 |     15 |     87 |    512 |   2 |  392.5 |
       Dungeon |    785 |    770 |     15 |     87 |    512 |   2 |  392.5 |
               +--------+--------+--------+--------+--------+-----+--------+

Top non-repeatable levels by time:
     D:2: 529 daAuts
     D:1: 256 daAuts
